 Dungeon Crawl Stone Soup version 0.29-a0-1-gf2d273c862 (console) character file.

Game seed: 8396541233990706446

7 Colgate the Vexing (level 2, 22/27 HPs)
             Began as an Ogre Arcane Marksman on Jan 25, 2022.
             Was a Follower of Wu Jian.
             Quit the game on level 1 of the Dungeon.
             The game lasted 00:02:50 (493 turns).

Colgate the Vexing (Ogre Arcane Marksman)            Turns: 493, Time: 00:02:51

Health: 22/27      AC:  3    Str: 13    XL:     2   Next: 0%
Magic:  3/3        EV:  9    Int: 14    God:    Wu Jian [*.....]
Gold:   10         SH:  0    Dex:  9    Spells: 2/3 levels left

rFire   . . .      SeeInvis .   (no weapon)
rCold   . . .      Faith    .   (no shield)
rNeg    . . .      Spirit   .   a - +0 robe
rPois   .          Reflect  .   (helmet restricted)
rElec   .          Harm     .   (no cloak)
rCorr   .          Rampage  .   (gloves unavailable)
Will    .....                   (boots unavailable)
Stlth   +.........              (no amulet)
HPRegen 0.09/turn               (no ring)
MPRegen 0.08/turn               (no ring)

@: no status effects
A: large, unfitting armour, tough skin 1
a: Renounce Religion


You were on level 1 of the Dungeon.
You worshipped Wu Jian.
Wu Jian was aware of your devotion.
You visited 1 branch of the dungeon, and saw 1 of its levels.

You collected 10 gold pieces.

Inventory:

Missiles
 b - 3 large rocks (quivered)
 c - 2 throwing nets
Armour
 a - a +0 robe (worn)
Scrolls
 d - a scroll of amnesia {unknown}


   Skills:
 - Level 1.3 Fighting
 + Level 2.6 Throwing
 - Level 1.7 Dodging
 - Level 1.2 Spellcasting
 - Level 2.6 Hexes


You had 2 spell levels left.
You knew the following spells:

 Your Spells              Type           Power      Damage    Failure   Level
a - Slow                  Hex            32%        N/A       9%          1

Your spell library contained the following spells:

 Spells                   Type           Power      Damage    Failure   Level
 Inner Flame              Hex/Fire       4%         N/A       41%         3
 Portal Projectile        Hex/Tloc       8%         N/A       41%         3
 Cause Fear               Hex            4%         N/A       65%         4


Dungeon Overview and Level Annotations

Branches:
Dungeon (1/15)

Altars:
Wu Jian

Shops:
D:1 :


Innate Abilities, Weirdness & Mutations

You are too large for most types of armour.
You have tough skin. (AC +1)


Message History

The spectral kobold hits you but does no damage.
You hit the spectral kobold but do no damage.
The spectral kobold is almost destroyed.
The spectral kobold hits you but does no damage.
You hit the spectral kobold.
You destroy the spectral kobold!
You enter the shallow water.
Moving in this stuff is going to be slow.
You enter the shallow water.
Moving in this stuff is going to be slow.
There is a faded altar of an unknown god here.
You cannot tell which god this altar belongs to.
Convert to them anyway?
Wu Jian accepts your prayer! The Council welcomes you!
You can now perform damaging attacks by moving towards foes.
You can now lightly attack monsters by moving around them.
You open the gate.
An endoplasm and a dart slug come into view.
Found a spear.
A giant cockroach comes into view.
There is an open gate here.
You lunge at the dart slug.
You hit the dart slug.
The dart slug is moderately wounded.
The endoplasm quivers.
The endoplasm freezes you.
You are frozen.
You spin and attack the dart slug.
You hit the dart slug but do no damage.
The dart slug is moderately wounded.
The dart slug bites you but does no damage.
You throw a large rock. The large rock hits the endoplasm!
You kill the endoplasm!
The Council accepts your kill.
You have reached level 2!
Are you sure you want to abandon this character and quit the game? (Confirm with "yes".)
Okay, then.
Unknown command.
Unknown command.
Unknown command.
Unknown command.
Are you sure you want to abandon this character and quit the game? (Confirm with "yes".)

≈≈≈≈≈PP≈≈≈≈≈≈≈≈PP≈PP≈≈....#..####
≈≈PPP≈.≈.≈..≈P..≈.P≈.....##..#
.≈≈.≈.........≈.......#.###..#
.......###......####.........#
######.# ######......##.###.##
#.# ######........# #.#
####.##### #.# #.# #.# #.#
#.############ #.# ###.
#..........@.# ##.####....
#######.####B####......... #.#
#..w##.B...##.# #.#
#.............##.. #.#
#.........)...≈...
#####.######.≈≈##'''##....
#.......# #.≈#≈≈≈.≈≈##...
#.###.#.# ###≈≈≈.≈.≈.≈# . #...#.#
#.≈.#≈≈≈.≈≈≈# # #.###.#
#.###≈.≈.≈..### #.#.##..#
#.#≈≈.≈≈_≈.≈.≈#


You could see a dart slug and a giant cockroach.

Vanquished Creatures
  A ball python (D:1)
  2 endoplasms (D:1)
  3 frilled lizards (D:1)
  A spectral kobold (D:1)
7 creatures vanquished.

Notes
Turn   | Place    | Note
-------+----------+-------------------------------------------
     0 | D:1      | Colgate the Ogre Arcane Marksman began the quest for the
                  | Orb.
     0 | D:1      | Reached XP level 1. HP: 19/19 MP: 2/2
    72 | D:1      | Found Nony's Book Shoppe.
   445 | D:1      | Found a faded altar of an unknown god.
   474 | D:1      | Prayed at the altar of an unknown god.
   474 | D:1      | Became a worshipper of the Wu Jian Council
   474 | D:1      | Reached * piety under Wu Jian
   493 | D:1      | Reached XP level 2. HP: 22/27 MP: 3/3
   493 | D:1      | Quit the game

Illustrated notes

Levels and vault maps discovered:
D:1:      kennysheep_arrival_seaside, layout_loops_corners,
          dreamdust_ecumenical_altar_drowned_temple, serial_shops, shop,
          minivault_14, chequers_big_river,
          wander_ebering_terrifying_dragon_lair

Action                   || total
-------------------------++-------
Melee: Unarmed           ||    49
Throw: Large rock        ||     1
Invok: Lunge             ||     1
       Whirlwind         ||     1
Armor: Robe              ||    22
Dodge: Dodged            ||    17

Table legend: (Time is in decaauts)
 A = Elapsed time spent in this place.
 B = Non-inter-level travel time spent in this place.
 C = Inter-level travel time spent in this place.
 D = Time resting spent in this place.
 E = Time spent auto-exploring this place.
 F = Levels seen in this place.
 G = Mean time per level.
                   A        B        C        D        E       F      G
               +--------+--------+--------+--------+--------+-----+--------+
         Total |    501 |    501 |      0 |      0 |    400 |   1 |  501.0 |
       Dungeon |    501 |    501 |      0 |      0 |    400 |   1 |  501.0 |
               +--------+--------+--------+--------+--------+-----+--------+

Top non-repeatable levels by time:
     D:1: 501 daAuts
